 Dungeon Crawl Stone Soup version 0.21.0 (webtiles) character file.

2500 mopl the Carver (level 9, -3/51 HPs)
             Began as a Tengu Skald on Jan 7, 2018.
             Was a Priest of Dithmenos.
             Slain by a wight
             ... wielding a +5 battleaxe
              (7 damage)
             ... on level 8 of the Dungeon.
             The game lasted 00:16:02 (9282 turns).

mopl the Carver (Tengu Skald)                       Turns: 9282, Time: 00:16:03

Health: -3/51      AC:  6    Str: 12    XL:     9   Next: 53%
Magic:  10/13      EV: 11    Int: 13    God:    Dithmenos [***...]
Gold:   221        SH:  2    Dex: 17    Spells: 1/12 levels left

rFire    + . .     SeeInvis .   a - +0 great sword
rCold    + . .     Gourm    .   (shield currently unavailable)
rNeg     . . .     Faith    .   b - +0 leather armour
rPois    .         Spirit   .   (helmet restricted)
rElec    .         Reflect  +   g - scarf {rC+ rF+}
rCorr    +         Harm     .   r - +2 pair of gloves
MR       +....                  (boots unavailable)
Stlth    ++........             p - +2 amulet of reflection
HPRegen  0.17/turn              j - ring of resist corrosion
MPRegen  0.13/turn              z - ring of protection from magic

@: wreathed by umbra, heavily drained
A: beak, talons 3, able to fly 1
a: Fly, Shadow Step, Renounce Religion


You were on level 8 of the Dungeon.
You worshipped Dithmenos.
Dithmenos was most pleased with you.
You were not hungry.

You visited 1 branch of the dungeon, and saw 8 of its levels.

You collected 395 gold pieces.
You spent 174 gold pieces at shops.

Inventory:

Hand Weapons
 a - a +0 great sword (weapon)
 F - a +0 falchion
 G - a +0 short sword of electrocution
 J - a +0 dagger of venom
Missiles
 q - 8 tomahawks of dispersal
 y - 6 tomahawks (quivered)
Armour
 b - a +0 leather armour (worn)
 g - a scarf of resistance (worn)
 r - a +2 pair of gloves (worn)
 E - a +0 buckler
Jewellery
 j - a ring of resist corrosion (left hand)
 p - a +2 amulet of reflection (around neck)
 t - an uncursed ring of protection from cold
 z - a ring of protection from magic (right hand)
 B - an uncursed ring of protection from magic
Wands
 s - a wand of polymorph (17)
 A - a wand of enslavement (15)
 C - a wand of disintegration (11)
Scrolls
 e - 2 scrolls of fear {unknown}
 h - 2 scrolls of enchant armour {unknown}
 i - 2 scrolls of amnesia
 k - 2 scrolls of immolation {unknown}
 l - 4 scrolls of teleportation
 o - a scroll of magic mapping {unknown}
 u - a scroll of fog
 v - 3 scrolls of remove curse
 w - a scroll of silence {!r}
 D - 4 scrolls of identify
Potions
 f - 6 potions of curing {unknown}
 m - 4 potions of mutation {!q}
 n - a potion of flight
 x - a potion of haste
 H - a potion of lignification {unknown}
Books
 c - a book of Battle

   Spells                             Type                      Level
   a - Infusion                       Charms                       1
   b - Shroud of Golubria             Charms/Translocation         2
   c - Song of Slaying                Charms                       2
   d - Spectral Weapon                Hexes/Charms                 3
   e - Regeneration                   Charms/Necromancy            3
Comestibles
 d - 12 rations
 I - 4 chunks of flesh


   Skills:
 + Level 3.5(2.3) Fighting
 * Level 11.1(9.7) Long Blades
 - Level 1.1(0.0) Armour
 - Level 2.1(1.0) Dodging
 + Level 3.1(1.9) Stealth
 - Level 2.0(0.8) Spellcasting
 + Level 2.0(0.9) Hexes
 + Level 3.4(2.3) Charms
 + Level 2.1(1.0) Translocations
 + Level 2.4(1.3) Invocations


You had one spell level left.
You knew the following spells:

 Your Spells              Type           Power        Failure   Level  Hunger
a - Spectral Weapon       Hex/Chrm       #.......     50%         3    ####...
b - Song of Slaying       Chrm           #.......     22%         2    ###....
c - Infusion              Chrm           #...         14%         1    ##.....
f - Shroud of Golubria    Chrm/Tloc      #.........   28%         2    ###....
r - Regeneration          Chrm/Necr      #.........   56%         3    ####...


Dungeon Overview and Level Annotations

Branches:
Dungeon (8/15)             Temple (0/1) D:6
   Lair: D:8-11

Altars:
Dithmenos
Elyvilon
Nemelex Xobeh
Wu Jian

Shops:
D:4 (?(

Annotations:
D:5 Regeox's ghost, amateur HOFi
D:6 exclusion: door


Innate Abilities, Weirdness & Mutations

You have a beak for a mouth.
You have claws for feet.
You can fly.


Message History

You barely miss the wight.
Your spectral weapon barely misses the wight.
The wight hits you but does no damage.
The wight hits your spectral weapon with an enchanted battleaxe.
Your spectral weapon shares its damage with you!
You block the wight's attack.
You slash the wight!
The wight is heavily damaged.
Your spectral weapon closely misses the wight.
The wight hits you but does no damage. You block the wight's attack.
The wight hits your spectral weapon with an enchanted battleaxe!
Your spectral weapon shares its damage with you!
Your spectral weapon fades away.
The wight hits you from afar with an enchanted trident.
You feel drained. The wight misses you.
The wight hits you with an enchanted battleaxe!
* * * LOW HITPOINT WARNING * * *
You feel drained.
You die...

#..#....<.......
#.
#..............#
#.
#.......[.....##
#.#####.####..####
#.............#
#...###.#####.#
#.#.###....##.#
#.#.##......#..
#..@...#.#+##
#.zz...#.#
#..z.##### ##
##?.z...#.#
.∩>#......<#>#
...:.<.......#
.∩##.........# #
##?....#.##
##...##.#


You could see 4 wights.

Vanquished Creatures
  Menkaure (D:5)
  An orc warrior (D:6)
  A phantom (D:4)
  A sky beast (D:6)
  3 ogres
  5 centaurs
  3 bullfrogs
  A scorpion (D:4)
  A wyvern skeleton (D:7)
  A wight (D:8)
  3 howler monkeys (D:7)
  2 crimson imps
  5 orc priests
  2 hounds
  2 jellies
  2 centaur skeletons
  3 bullfrog skeletons
  2 iguanas
  5 orc wizards
  3 worker ants
  3 gnolls (D:3)
  A howler monkey skeleton (D:4)
  9 adders
  A shadow imp (D:5)
  3 oozes
  An adder zombie (D:5)
  6 worms
  A dart slug (D:5)
  4 leopard geckos
  18 orcs
  2 ball pythons (D:2)
  5 giant cockroaches
  8 goblins
  4 hobgoblins
  3 jackals (D:3)
  2 quokkas
  7 bats
  8 frilled lizards
  A jackal skeleton (D:6)
  10 kobolds
  2 leopard gecko zombies
  12 rats
158 creatures vanquished.

Vanquished Creatures (others)
  2 plants (D:6)
  A spectral weapon (D:8)
3 creatures vanquished.

Grand Total: 161 creatures vanquished

Notes
Turn   | Place    | Note
-------+----------+-------------------------------------------
     0 | D:1      | mopl the Tengu Skald began the quest for the Orb.
     0 | D:1      | Reached XP level 1. HP: 12/12 MP: 4/4
   170 | D:1      | Reached XP level 2. HP: 15/17 MP: 6/6
   173 | D:1      | Reached skill level 3 in Long Blades
   472 | D:1      | Reached XP level 3. HP: 14/21 MP: 3/7
   496 | D:1      | Reached skill level 4 in Long Blades
   614 | D:2      | Learned a level 2 spell: Song of Slaying
   617 | D:2      | Learned a level 2 spell: Shroud of Golubria
   747 | D:2      | Reached XP level 4. HP: 26/26 MP: 8/8
  1106 | D:2      | Reached skill level 5 in Long Blades
  1340 | D:2      | Gained mutation: You can fly. [Tengu growth]
  1340 | D:2      | Reached XP level 5. HP: 12/30 MP: 3/9
  1392 | D:2      | Learned a level 3 spell: Spectral Weapon
  1658 | D:2      | Noticed an orc warrior
  1967 | D:3      | Reached skill level 6 in Long Blades
  2143 | D:3      | Found a faded altar of an unknown god.
  2151 | D:3      | Became a worshipper of Dithmenos the Shadowed
  2151 | D:3      | Reached * piety under Dithmenos
  2752 | D:4      | Noticed a phantom
  2765 | D:4      | Reached XP level 6. HP: 25/35 MP: 8/10
  2792 | D:4      | Killed a phantom
  2792 | D:4      | Reached skill level 7 in Long Blades
  3081 | D:4      | Found Otacuxt's Magic Scroll Shop.
  3121 | D:4      | Bought a scroll of fog for 24 gold pieces
  3121 | D:4      | Bought a scroll of remove curse for 36 gold pieces
  3121 | D:4      | Bought a scroll of silence for 90 gold pieces
  3121 | D:4      | Bought a scroll of identify for 24 gold pieces
  3135 | D:4      | Found Otiet Jig's Weapon Shoppe.
  3152 | D:4      | Reached skill level 8 in Long Blades
  3152 | D:4      | Reached XP level 7. HP: 17/40 MP: 3/11
  3673 | D:4      | Found Canujo's Antique Weapon Shoppe.
  3680 | D:4      | Found a white marble altar of Elyvilon.
  3798 | D:4      | Reached skill level 9 in Long Blades
  4561 | D:5      | Entered Level 5 of the Dungeon
  4583 | D:5      | Reached XP level 8. HP: 40/44 MP: 4/12
  4589 | D:5      | Reached ** piety under Dithmenos
  4646 | D:5      | Noticed Regeox's ghost (amateur HOFi)
  4791 | D:5      | Reached skill level 10 in Long Blades
  4855 | D:5      | Learned a level 3 spell: Regeneration
  5027 | D:5      | Noticed Menkaure
  5313 | D:5      | Killed Menkaure
  5313 | D:5      | Reached skill level 1 in Stealth
  5421 | D:5      | Reached skill level 1 in Invocations
  5955 | D:6      | Reached skill level 1 in Hexes
  5955 | D:6      | Reached skill level 1 in Translocations
  6068 | D:6      | Noticed a yak
  6138 | D:6      | Reached skill level 2 in Stealth
  6354 | D:6      | Reached skill level 3 in Charms
  6438 | D:6      | Found a staircase to the Ecumenical Temple.
  6629 | D:6      | Reached XP level 9. HP: 49/49 MP: 10/13
  6637 | D:6      | Found an ornate altar of the Wu Jian Council.
  6917 | D:6      | Reached skill level 3 in Fighting
  6927 | D:6      | HP: 1/50 [electric eel/bolt of electricity (15)]
  7610 | D:7      | Found a sparkling altar of Nemelex Xobeh.
  7864 | D:7      | Reached skill level 2 in Invocations
  8110 | D:7      | Reached skill level 11 in Long Blades
  9082 | D:7      | Reached *** piety under Dithmenos
  9082 | D:7      | Reached skill level 2 in Translocations
  9239 | D:8      | Reached skill level 3 in Stealth
  9262 | D:8      | Reached skill level 2 in Hexes
  9282 | D:8      | Slain by a wight

Skill      XL: |  1  2  3  4  5  6  7  8  9 |
---------------+----------------------------+-----
Long Blades    | 3 4 5 6 8 9 10 11 | 11.1
Stealth        | 2 3 |  3.1
Invocations    | 1 2 |  2.4
Hexes          | 1 2 |  2.0
Translocations | 1 2 |  2.1
Charms         | 3 |  3.4
Fighting       | 3 |  3.5
Armour         | |  1.1
Dodging        | |  2.1
Spellcasting   | |  2.0

Action                   |  1- 3 |  4- 6 |  7- 9 || total
-------------------------+-------+-------+-------++-------
Melee: Falchion          |    73 |   128 |   199 ||   400
       Kick              |    19 |    37 |    82 ||   138
       Peck              |     7 |    20 |    56 ||    83
       Great sword       |       |       |    66 ||    66
Throw: Tomahawk          |       |       |    16 ||    16
 Cast: Infusion          |    11 |    13 |    23 ||    47
       Shroud of Golubri |       |     2 |     5 ||     7
       Spectral Weapon   |       |       |     3 ||     3
       Regeneration      |       |       |     1 ||     1
 Abil: Fly               |       |     4 |     4 ||     8
  Use: Scroll            |       |     4 |     2 ||     6
 Stab: Sleeping          |       |     1 |     6 ||     7
       Distracted        |       |       |     1 ||     1
  Eat: Chunk             |       |     8 |    19 ||    27
       Ration            |       |       |     1 ||     1
Armor: Leather armour    |    20 |    23 |    45 ||    88
Dodge: Dodged            |    50 |    76 |   163 ||   289
Block: Other             |       |     1 |    12 ||    13
       Reflection        |       |       |     1 ||     1
       Rpst.: Falchion   |    14 |    25 |    29 ||    68
       Great sword       |       |       |    16 ||    16
